 Dungeon Crawl Stone Soup version 0.15.2 (webtiles) character file.

82078 magipi the Geomancer (level 15, -3/141 HPs)
             Began as a Deep Dwarf Earth Elementalist on Nov 25, 2016.
             Was the Champion of Makhleb.
             Slain by magipi's ghost (25 damage)
             ... on Level 3 of the Lair of Beasts on Jan 1, 2017.
             The game lasted 04:38:13 (36027 turns).

magipi the Geomancer (DDEE)                        Turns: 36027, Time: 04:38:13

HP  -3/141       AC 14     Str 13      XL: 15   Next: 28%
MP  12/12        EV 19     Int 20      God: Makhleb [******]
Gold 1528        SH  0     Dex 14      Spells:  4 memorised, 19 levels left

rFire  + . .     SeeInvis .     a - +2 hand axe (elec)
rCold  + . .     Clarity  .     A - +2 robe {rC+ rF+}
rNeg   + . .     rCorr    .     (no shield)
rPois  +         rRot     .     z - +1 helmet
rElec  .         Spirit   .     S - +2 cloak
SustAb .         Warding  .     O - +1 pair of gloves
rMut   .         Stasis   .     K - +2 pair of boots {Fly}
Gourm  .                        E - amulet of faith
MR     +++..                    m - ring of protection from magic
                                p - ring of poison resistance

@: non-regenerating, extremely resistant to hostile enchantments, unstealthy
A: damage resistance, recharge devices, negative energy resistance 1, sense
surroundings 2, slow healing 3
a: Device Recharging, Minor Destruction, Lesser Servant of Makhleb, Major
Destruction, Greater Servant of Makhleb, Renounce Religion, Evoke Flight


You were on level 3 of the Lair of Beasts.
You worshipped Makhleb.
Makhleb was exalted by your worship.
You were not hungry.

You visited 5 branches of the dungeon, and saw 29 of its levels.
You also visited: Labyrinth.

You collected 2885 gold pieces.
You spent 1357 gold pieces at shops.

Inventory:

Hand weapons
 a - a +2 hand axe of electrocution (weapon)
 d - a +2 war axe of flaming
 D - a +0 battleaxe
 Z - a +4 blowgun
Missiles
 b - 519 stones (quivered)
 k - 123 poisoned needles
 y - 10 curare-tipped needles
Armour
 z - a +1 helmet (worn)
 A - a +2 robe of resistance (worn)
 K - a +2 pair of boots of flying (worn)
 O - a +1 pair of gloves (worn)
 S - a +2 cloak (worn)
Magical devices
 g - a wand of polymorph (17)
 h - a wand of heal wounds (3)
 o - a wand of paralysis (12)
 J - a wand of fireball (0)
 N - a wand of teleportation (6)
 V - a wand of disintegration (7)
Comestibles
 f - 10 bread rations
 j - 9 meat rations
 G - 2 royal jellies
Scrolls
 e - 5 scrolls of teleportation
 l - 3 scrolls of magic mapping
 u - 2 scrolls of fog
 w - 10 scrolls of remove curse
 H - a scroll of fear
 R - a scroll of identify
Jewellery
 c - a cursed ring of protection from cold
 m - a ring of protection from magic (right hand)
 n - an uncursed ring of positive energy
 p - a ring of poison resistance (left hand)
 t - an uncursed ring of teleportation
 E - an amulet of faith (around neck)
 L - an uncursed amulet of clarity
 X - an uncursed ring of invisibility
Potions
 i - a potion of magic
 q - a potion of flight
 r - 14 potions of curing
 s - 2 potions of berserk rage
 v - 4 potions of heal wounds
 x - 4 potions of restore abilities
 B - a potion of brilliance
 C - 2 potions of agility
 I - a potion of lignification
 Q - 2 potions of cancellation
 T - 3 potions of might
 U - a potion of invisibility
Miscellaneous
 P - a lamp of fire (inert)
 Y - a sack of spiders {used: 1}
Rods
 F - a +9 rod of the swarm (9/9)
   (You took it off a minotaur in a labyrinth)


   Skills:
 - Level 11.1 Fighting
 - Level 14.0 Axes
 - Level 11.0 Dodging
 - Level 2.4 Stealth
 + Level 8.0 Spellcasting
 - Level 5.1 Conjurations
 - Level 4.1 Transmutations
 + Level 14.9 Earth Magic
 - Level 8.0 Invocations
 - Level 10.0 Evocations


You had 19 spell levels left.
You knew the following spells:

 Your Spells              Type           Power        Failure   Level  Hunger
a - Sandblast             Erth           ######       1%          1    None
b - Stone Arrow           Conj/Erth      #####.       1%          3    None
c - Stoneskin             Trmt/Erth      #####...     1%          2    None
d - Lee's Rapid Deconstr  Erth           ######....   1%          5    ####...


Dungeon Overview and Level Annotations

Branches:
Dungeon (15/15)            Temple (1/1) D:7             Orc (4/4) D:9
    Elf (0/3) Orc:3          Lair (8/8) D:8           Swamp (1/5) Lair:4
 Spider (0/5) Lair:4        Slime (0/6) Lair:8       Vaults (0/5) D:14
 Depths: D:15

Altars:
Ashenzari
Cheibriados
Dithmenos
Elyvilon
Fedhas
Kikubaaqudgha
Makhleb
Nemelex Xobeh
Okawaru
Qazlal
Sif Muna
Trog
Vehumet
Xom
Yredelemnul
Zin
The Shining One
Beogh

Shops:
D:5 }   D:9 [   Orc:1 ?   Orc:4 [((*

Portals:
Trove: D:15 (give +4 fire dragon armour)

Annotations:
D:11 exclusion: orange crystal statue
D:15 magipi's ghost, powerful MfIE
Lair:1 exclusions: hydra and oklob plant
Lair:3 magipi's ghost, powerful OgHu
Lair:4 Swamp
Lair:8 exclusion: 2 oklob plants
Swamp:1 Nessos


Innate Abilities, Weirdness & Mutations

You are resistant to damage.
You can recharge devices by infusing magical energy.
You resist negative energy.
You passively map the area around you.
You do not heal naturally.

Vault maps used:
D:1:      mrwooster_arrival_statue
D:3:      gammafunk_temple_overflow_claw, minmay_hedge_maze
D:4:      first_bread
D:5:      ashenzari_altar_1, serial_shops,
          nicolae_shop_competitors_out_of_business, uniq_grinder,
          uniq_crazy_yiuf_cottage
D:6:      lemuel_coloured_pillars_altar, portal_sewer_entry_f
D:7:      minmay_temple_entry_statues
D:8:      lair_0_dummy
D:9:      orc_0_dummy, serial_shops, shop
D:10:     grunt_tengu_nest
D:11:     wad_woods_structure_01, basic_altar, david_greed, uniq_erolcha
D:12:     enter_bailey_3
D:13:     lemuel_castle_with_subvaults
D:14:     erik_vaults_2
D:15:     grunt_enter_depths_magical_seal, nicolae_trove_entry_crossroad,
          hangedman_decor_points
Temple:   circular_temple_12
Orc:1:    serial_shops, shop
Orc:2:    uniq_nergalle
Orc:3:    nicolae_orc_pool_cavern, uniq_sonja
Orc:4:    orc_temple, grunt_orc_community_town_hall,
          grunt_orc_community_big_house_2, grunt_orc_community_big_house_1,
          grunt_orc_community_house_1, grunt_orc_community_house_1,
          grunt_orc_community_house_2, grunt_orc_community_house_1,
          grunt_orc_community_house_3, grunt_orc_community_house_3, uniq_grum,
          uniq_josephine
Lair:1:   dpeg_oklob_gauntlet, st_stairs_7
Lair:2:   beast_lair_carwin_large_1, grunt_forest_stairs_basic, st_stairs_11
Lair:3:   serial_bayou_shore_b, serial_bayou_shore_a
Lair:4:   nicolae_swamp_entry_splash_gauntlet, spider_nest_entry_a, basic_altar,
          zaba_antful_of_joy, grunt_megastairs_3, uniq_fannar
Lair:5:   lab_entry_generic, st_stairs_10, grunt_forest_large_clearings,
          lemuel_fruit_tree
Lair:6:   beast_lair_carwin_2, infiniplex_staircase_pool_2
Lair:7:   basic_altar, patterned_corridor, grunt_megastairs_5
Lair:8:   evil_forest, minmay_slime_entry_oklob_open
Swamp:1:  hangedman_swamp_lotus, uniq_nessos
Lab:      labyrinth_fake_exit, nicolae_lab_stuck


Message History

Your ufetubus closely misses magipi's ghost. x2
Your ynoxinul gestures.
Magipi's ghost casts a spell.
Magipi's ghost blinks!
Magipi's ghost gestures wildly while chanting.
Magipi's ghost blinks!
You hit magipi's ghost.
There is a sudden explosion of sparks!
Magipi's ghost is lightly damaged.
Your ufetubus hits magipi's ghost but does no damage.
Your ufetubus closely misses magipi's ghost.
Magipi's ghost barely misses you.
You hit magipi's ghost but do no damage.
Magipi's ghost is lightly damaged.
Your ufetubus hits magipi's ghost but does no damage. x2
Magipi's ghost hits you!!
You miss magipi's ghost.
Magipi's ghost is lightly damaged.
Your ufetubus closely misses magipi's ghost.
Your ufetubus misses magipi's ghost.
You hit magipi's ghost but do no damage.
Magipi's ghost is lightly damaged.
Your ufetubus misses magipi's ghost.
Your ufetubus barely misses magipi's ghost.
Magipi's ghost closely misses you.
You barely miss magipi's ghost.
Magipi's ghost is lightly damaged.
Your ufetubus disappears in a puff of smoke!
You hit magipi's ghost.
Magipi's ghost is lightly damaged.
Your ynoxinul gestures.
Magipi's ghost barely misses you.
You barely miss magipi's ghost.
Magipi's ghost is lightly damaged.
Your ufetubus disappears in a puff of smoke!
Magipi's ghost hits you!!
* * * LOW HITPOINT WARNING * * *
Use which ability? (? or * to list)
A demon appears!
You feel slightly more hungry.
Your ufetubus barely misses magipi's ghost.
Your ufetubus closely misses magipi's ghost. x3
Magipi's ghost mumbles some strange words.
Magipi's ghost blinks!
Unknown command.
Unknown command.
Unknown command.
Evoke which item? (* to show all) (? for menu, Esc to quit)
Zapping:
h - a wand of heal wounds (5)
Press: ? - help, Shift-Dir - straight line, f - you You feel much better.
This wand has 4 charges left.
Unknown command.
Unknown command.
Your ufetubus disappears in a puff of smoke!
Your ynoxinul gestures.
Magipi's ghost gestures wildly while chanting.
Magipi's ghost blinks!
Your ynoxinul gestures.
Your ufetubus hits the fungus. x2
Your ufetubus disappears in a puff of smoke!
You swap places.
Magipi's ghost mumbles some strange words.
Magipi's ghost blinks!
Magipi's ghost hits your ufetubus!!!
Your ufetubus dies!
Your ufetubus closely misses magipi's ghost.
Your ufetubus completely misses magipi's ghost.
Magipi's ghost casts a spell.
Magipi's ghost blinks!
Your ufetubus barely misses magipi's ghost.
Your ufetubus hits magipi's ghost but does no damage.
Your ufetubus closely misses magipi's ghost.
Your ufetubus hits magipi's ghost but does no damage.
Your ufetubus misses magipi's ghost. x2
Magipi's ghost mumbles some strange words.
Magipi's ghost blinks!
Your ufetubus closely misses magipi's ghost.
Your ufetubus hits magipi's ghost but does no damage.
Magipi's ghost hits your ufetubus!
Your ufetubus dies!
Your hellwing hits magipi's ghost!
Your hellwing closely misses magipi's ghost.
Unknown command.
Your ufetubus hits magipi's ghost but does no damage.
Your ufetubus closely misses magipi's ghost.
Your ufetubus hits magipi's ghost but does no damage. x2
Magipi's ghost hits you!!
* * * LOW HITPOINT WARNING * * *
Your hellwing barely misses magipi's ghost.
Your hellwing hits magipi's ghost but does no damage.
Your ufetubus hits magipi's ghost.
Your ufetubus closely misses magipi's ghost.
Unknown command.
Evoke which item? (* to show all) (? for menu, Esc to quit)
Zapping:
h - a wand of heal wounds (4)
Press: ? - help, Shift-Dir - straight line, f - you You feel much better.
This wand has 3 charges left.
Your ufetubus closely misses magipi's ghost.
Your ufetubus barely misses magipi's ghost.
Your ufetubus misses magipi's ghost. Your ufetubus hits magipi's ghost.
Magipi's ghost hits you!!
You die...

#######...##..##....###
.####.##...#<####.###
.............####..#
.......<..#P..##...#
#............##P...# ###
###P..........##...###P###
##....#......#....##...#
##..##........5W..##...#
#.#..##.......@45##....#
##.#....##..P.355.#....#
##....###.##.........###
#.....##.###...#....#P#
#.....##.##...........#####
##P..#.#..#....##!........#
###..##.......#P.#....>..# ###
##..P#..........#.......#
###.###.......................#


You could see magipi's ghost, a friendly hellwing, a friendly ynoxinul and 4
friendly ufetubi.

Table legend:
 A = Kills in this place as a percentage of kills in entire the game.
 B = Kills by you in this place as a percentage of kills by you in the entire game.
 C = Kills by friends in this place as a percentage of kills by friends in the entire game.
 D = Other kills in this place as a percentage of other kills in the entire game.
 E = Experience gained in this place as a percentage of experience gained in the entire game.
 F = Experience gained in this place divided by the number of levels of this place that you have seen.
                   A       B       C       D       E      F
               +-------+-------+-------+-------+-------+----------------------
         Total | 100.0 | 100.0 | 100.0 |  -nan | 100.0 | 3908.5
       Dungeon |  50.1 |  54.0 |  32.5 |  -nan |  48.3 | 3772.3
  Orcish Mines |  26.9 |  18.1 |  67.0 |  -nan |  14.3 | 4192.5
          Lair |  22.7 |  27.5 |   0.5 |  -nan |  35.5 | 5199.6
         Swamp |   0.3 |   0.3 |   0.0 |  -nan |   1.0 | 1218.0
     Labyrinth |   0.1 |   0.1 |   0.0 |  -nan |   0.9 | 1085.0
               +-------+-------+-------+-------+-------+----------------------

Vanquished Creatures
  An orc warlord (D:13)
  2 vault guards (D:14)
  A minotaur (Lab)
  Fannar (Lair:4)
  An ogre mage (D:15)
  5 hydras
  An alligator (Swamp:1)
  3 centaur warriors
  A death yak (Lair:8)
  An alligator (shapeshifter) (D:15)
  Nergalle (Orc:1)
  Erolcha (D:11)
  2 unseen horrors
  2 orc knights
  A deep elf conjurer (D:15)
  5 hill giants
  3 griffons
  2 orc sorcerers
  2 wizards (D:15)
  4 ugly things
  A salamander (shapeshifter) (D:15)
  A centaur zombie (D:12)
  2 elephants (Lair:6)
  3 gargoyles
  A manticore (D:15)
  A torpor snail (Lair:6)
  2 naga magi (D:15)
  10 spiny frogs
  A kobold demonologist (D:13)
  7 fire drakes
  A feature mimic (D:12)
  Grinder (D:5)
  12 komodo dragons
  2 freezing wraiths (D:15)
  A tengu conjurer (D:10)
  2 trolls
  A slime creature (D:12)
  2 boulder beetles
  2 human skeletons (D:14)
  A polar bear (Lair:5)
  A two-headed ogre (D:15)
  2 ravens (D:10)
  A basilisk (D:15)
  2 trapdoor spiders
  9 blink frogs
  48 yaks
  A shadow (D:15)
  A vampire mosquito (D:14)
  3 deep elf magi
  3 wyverns
  2 hungry ghosts
  A spriggan (Lair:5)
  12 hippogriffs
  11 wargs
  7 swamp worms
  A steam dragon (D:9)
  11 wolves
  A soldier ant (D:14)
  13 water moccasins
  4 sky beasts
  23 orc warriors
  12 porcupines
  2 mottled dragons
  5 spiders
  3 yellow wasps
  9 ice beasts
  A necrophage (D:8)
  A boring beetle (Lair:6)
  12 crocodiles
  15 centaurs
  17 ogres
  A brain worm (D:11)
  A big kobold (D:14)
  A wyvern zombie (D:11)
  A gnoll sergeant (D:8)
  A yaktaur skeleton (D:15)
  8 giant frogs
  6 scorpions
  A hippogriff zombie (D:10)
  A cyclops skeleton (D:11)
  17 killer bees (D:12)
  A troll zombie (D:11)
  A troll skeleton (D:14)
  2 electric eels
  10 crimson imps
  A goliath beetle (D:4)
  13 hounds
  7 jellies
  Crazy Yiuf (D:5)
  9 iguanas
  23 orc wizards
  18 orc priests
  A spectral orc (Orc:2)
  A black bear skeleton (D:4)
  9 worker ants
  22 sheep
  A sky beast zombie (D:11)
  A crocodile skeleton (D:12)
  3 mummies
  23 adders
  9 gnolls
  20 green rats
  3 giant mites
  An inept feature mimic (D:10)
  5 shadow imps
  3 worms
  An adder zombie (D:6)
  3 orc skeletons
  An adder skeleton (D:5)
  4 giant geckos
  An ooze (D:4)
  176 orcs
  2 ball pythons
  4 giant cockroaches
  26 goblins
  24 hobgoblins
  15 jackals
  16 quokkas
  7 bats
  A giant newt (D:2)
  4 giant spores
  A hobgoblin zombie (D:9)
  16 kobolds
  A kobold skeleton (D:4)
  2 kobold zombies
  An orc zombie (Orc:4)
  15 rats
  A rat zombie (D:5)
  13 ballistomycetes
  6 fungi
  6 plants (D:11)
901 creatures vanquished.

Vanquished Creatures (collateral kills)
  Saint Roka (Orc:4)
  An orc warlord (Orc:4)
  6 vault guards (D:14)
  A fire dragon (D:14)
  Josephine (Orc:4)
  A hydra (D:14)
  3 orc high priests (Orc:4)
  2 orc knights (Orc:4)
  A hill giant (D:11)
  7 orc sorcerers (Orc:4)
  An ugly thing (D:13)
  A cyclops (D:13)
  A yaktaur zombie (D:14)
  A queen bee (D:12)
  Sonja (Orc:3)
  A two-headed ogre (D:15)
  5 slime creatures (D:12)
  A griffon zombie (D:13)
  A basilisk (D:14)
  A yak (Lair:5)
  A deep elf mage (D:14)
  7 wargs
  Grum (Orc:4)
  A hippogriff (D:14)
  A hungry ghost (D:15)
  A wolf (Orc:4)
  An ice beast (D:14)
  A sky beast (D:13)
  A yellow wasp (D:11)
  28 orc warriors
  11 centaurs
  4 orc zombies (Orc:4)
  An ogre (Orc:4)
  A cyclops zombie (D:11)
  An eye of draining (D:13)
  A scorpion (D:11)
  12 killer bees (D:12)
  An elf zombie (D:15)
  A giant frog skeleton (D:13)
  12 orc wizards
  19 orc priests
  An iguana (D:14)
  An ogre skeleton (Orc:4)
  2 ufetubi (D:13)
  40 orcs
  2 goblins (Orc:4)
  A kobold (D:14)
  An orc skeleton (Orc:4)
193 creatures vanquished.

Vanquished Creatures (others)
  A cacodemon (D:15)
  A balrug (Orc:4)
  2 green deaths
  2 blizzard demons
  A smoke demon (D:15)
  An orange demon (Orc:4)
  A hellwing (D:15)
  A fire elemental (D:15)
  A redback (D:13)
  3 trapdoor spiders (D:13)
  5 neqoxecs
  A scorpion (Lair:5)
  A worker ant (Lair:5)
  8 ufetubi
  A giant spore (D:14)
  A kobold (D:8)
  A ballistomycete (D:11)
  10 fungi
  4 plants
46 creatures vanquished.

Grand Total: 1140 creatures vanquished

Notes
Turn   | Place    | Note
--------------------------------------------------------------
     0 | D:1      | magipi, the Deep Dwarf Earth Elementalist, began the quest for the Orb.
     0 | D:1      | Reached XP level 1. HP: 15/15 MP: 2/2
   228 | D:1      | Reached XP level 2. HP: 16/22 MP: 4/4
  1062 | D:2      | Reached XP level 3. HP: 28/28 MP: 3/6
  1218 | D:2      | Reached skill level 5 in Earth Magic
  1713 | D:2      | Reached XP level 4. HP: 36/36 MP: 8/8
  1726 | D:2      | Learned a level 3 spell: Stone Arrow
  1729 | D:2      | Learned a level 2 spell: Stoneskin
  1732 | D:3      | Reached skill level 1 in Transmutations
  2041 | D:3      | Reached XP level 5. HP: 19/42 MP: 4/11
  2107 | D:3      | Reached skill level 1 in Conjurations
  2634 | D:3      | Found an iron altar of Okawaru.
  2634 | D:3      | Found a glowing golden altar of the Shining One.
  2635 | D:3      | Found a basalt altar of Yredelemnul.
  3052 | D:4      | Reached skill level 6 in Earth Magic
  3200 | D:4      | Reached XP level 6. HP: 47/49 MP: 10/13
  3799 | D:4      | Noticed an ogre
  3833 | D:4      | Killed an ogre
  4114 | D:5      | Entered Level 5 of the Dungeon
  4114 | D:5      | Found Onlarugu's Gadget Shoppe.
  4189 | D:5      | Reached XP level 7. HP: 44/55 MP: 13/13
  4277 | D:5      | Reached skill level 7 in Earth Magic
  4429 | D:5      | Noticed Grinder
  4554 | D:5      | Found a shattered altar of Ashenzari.
  4655 | D:5      | Noticed Crazy Yiuf
  4662 | D:5      | Killed Crazy Yiuf
  4986 | D:5      | Reached skill level 8 in Earth Magic
  5275 | D:6      | Reached XP level 8. HP: 40/62 MP: 4/15
  5373 | D:6      | Reached skill level 9 in Earth Magic
  5706 | D:6      | Reached skill level 5 in Conjurations
  5841 | D:6      | Reached skill level 1 in Fighting
  5993 | D:6      | Reached skill level 10 in Earth Magic
  6004 | D:6      | Learned a level 5 spell: Lee's Rapid Deconstruction
  6012 | D:6      | Found a shadowy altar of Dithmenos.
  6249 | D:7      | Got a twisted ring mail
  6260 | D:7      | Identified the +7 ring mail of Preujeto {Slay-2 Stlth+} (You found it on level 7 of the Dungeon)
  6627 | D:7      | Gained mutation: You passively map the area around you. [level up]
  6627 | D:7      | Reached XP level 9. HP: 64/80 MP: 13/17
  6880 | D:7      | Reached skill level 5 in Fighting
  7142 | D:7      | Found a staircase to the Ecumenical Temple.
  7155 | Temple   | Entered the Ecumenical Temple
  7169 | Temple   | Became a worshipper of Makhleb the Destroyer
  7551 | D:8      | Found a staircase to the Lair.
  7559 | D:8      | Reached skill level 1 in Axes
  8303 | D:9      | Found a staircase to the Orcish Mines.
  8323 | D:9      | Found Psick's Antique Armour Shoppe.
  8325 | D:9      | Acquired Makhleb's first power
  8336 | D:9      | Bought a pair of boots for 85 gold pieces
  8720 | D:9      | Reached skill level 5 in Axes
  8994 | D:9      | Reached skill level 1 in Invocations
  9118 | D:10     | Entered Level 10 of the Dungeon
  9131 | D:10     | Noticed a gargoyle
  9205 | D:10     | Reached XP level 10. HP: 78/94 MP: 8/16
  9499 | D:10     | Killed a gargoyle
  9628 | D:10     | Acquired Makhleb's second power
 10093 | D:10     | Noticed a hill giant
 10101 | D:10     | Killed a hill giant
 10101 | D:10     | Reached skill level 5 in Invocations
 10383 | D:11     | Noticed a hill giant
 10438 | D:11     | Noticed a red ugly thing
 10478 | D:11     | Killed a hill giant
 10560 | Lair:1   | Entered Level 1 of the Lair of Beasts
 10567 | Lair:1   | Noticed a five-headed hydra
 10663 | Lair:1   | Noticed an oklob plant
 11112 | Lair:1   | Acquired Makhleb's third power
 11196 | Lair:1   | Reached XP level 11. HP: 64/100 MP: 15/19
 11216 | Lair:2   | Reached skill level 1 in Evocations
 11524 | Lair:2   | Reached skill level 5 in Dodging
 12526 | Lair:3   | Acquired Makhleb's fourth power
 12764 | Lair:3   | Noticed magipi's ghost (powerful OgHu)
 12867 | Lair:4   | Found a hole to the Spider Nest.
 13067 | Lair:4   | Noticed Fannar
 13068 | Lair:4   | Found a shimmering altar of Xom.
 13141 | Lair:5   | Noticed a spriggan rider
 13180 | Lair:5   | Killed a yellow wasp
 13186 | Lair:5   | Killed a spriggan
 13272 | Lair:5   | Found a labyrinth entrance.
 13283 | Lair:5   | Reached skill level 5 in Evocations
 13298 | Lab      | Entered a labyrinth
 13449 | Lab      | Found an exit through the horrors of the Abyss.
 13697 | Lab      | Noticed a minotaur
 13703 | Lab      | Killed a minotaur
 13761 | Lab      | Identified the Catalogue of Dusty Transmigration (You found it in a labyrinth)
 14177 | Lair:5   | Identified a +9 rod of the swarm (9/9) (You took it off a minotaur in a labyrinth)
 14263 | Lair:5   | Reached skill level 10 in Axes
 14275 | Lair:5   | Reached skill level 5 in Spellcasting
 14657 | Lair:5   | Acquired Makhleb's fifth power
 14794 | Lair:5   | Reached XP level 12. HP: 82/109 MP: 10/17
 15307 | Lair:4   | Killed Fannar
 15465 | Lair:4   | Identified the Almanac of Dislocation
 16118 | Lair:4   | Reached skill level 10 in Evocations
 17084 | Lair:6   | Noticed a six-headed hydra
 17091 | Lair:6   | Killed a six-headed hydra
 17505 | Lair:5   | Reached skill level 11 in Earth Magic
 17904 | Lair:7   | Found an ancient bone altar of Kikubaaqudgha.
 18161 | Lair:7   | Reached XP level 13. HP: 39/117 MP: 3/21
 19591 | D:5      | Killed Grinder
 19894 | D:11     | Killed a red ugly thing
 20212 | D:11     | Noticed a four-headed hydra
 20222 | D:11     | Noticed a hill giant
 20225 | D:11     | Killed a four-headed hydra
 20226 | D:11     | Noticed Erolcha
 20492 | D:11     | Killed Erolcha
 20815 | D:11     | Found a deep blue altar of Sif Muna.
 20883 | D:11     | Noticed a purple ugly thing
 20891 | D:11     | Killed a purple ugly thing
 20945 | D:11     | Noticed a hill giant
 20956 | D:11     | Killed a hill giant
 21291 | D:11     | Killed a hill giant
 22880 | D:12     | Reached skill level 12 in Axes
 23878 | Lair:3   | Reached skill level 10 in Fighting
 24038 | Orc:1    | Entered Level 1 of the Orcish Mines
 24084 | Orc:1    | Found Huano's Magic Scroll Boutique.
 24099 | Orc:1    | Bought a scroll of identify for 20 gold pieces
 24099 | Orc:1    | Bought 2 scrolls of enchant weapon for 150 gold pieces
 24099 | Orc:1    | Bought a scroll of identify for 20 gold pieces
 24099 | Orc:1    | Bought a scroll of identify for 20 gold pieces
 24542 | Orc:2    | Noticed Nergalle
 24586 | Orc:1    | You fall through a shaft!
 24893 | Orc:1    | Killed Nergalle
 25041 | Orc:4    | Entered Level 4 of the Orcish Mines
 25345 | Orc:4    | Found a roughly hewn altar of Beogh.
 25345 | Orc:4    | Found Kauckoit's Weapon Emporium.
 25488 | Orc:4    | Noticed an orc warlord
 25497 | Orc:4    | Killed an orc warlord
 25511 | Orc:4    | Noticed Saint Roka
 25578 | Orc:4    | Killed Saint Roka
 25610 | Orc:4    | Gained mutation: You resist negative energy. [level up]
 25610 | Orc:4    | Reached XP level 14. HP: 34/133 MP: 10/19
 25620 | Orc:4    | Reached skill level 13 in Axes
 25653 | Orc:4    | Found Crazih's Antique Armour Shop.
 25653 | Orc:4    | Found a roughly hewn altar of Beogh.
 25662 | Orc:4    | Found Pniutif's Antique Weapon Boutique.
 25675 | Orc:4    | Bought a faintly humming ring mail for 279 gold pieces
 25675 | Orc:4    | Bought a pair of embroidered boots for 139 gold pieces
 25700 | Orc:4    | Identified the cursed +2 ring mail of Bezoitup {Dex+3 Int+3} (You bought it in a shop on level 4 of the Orcish Mines)
 25708 | Orc:4    | Bought a glowing broad axe for 140 gold pieces
 26309 | Orc:4    | Found a roughly hewn altar of Beogh.
 26556 | Orc:4    | Noticed Grum
 26562 | Orc:4    | Killed Grum
 26609 | Orc:4    | Found a roughly hewn altar of Beogh.
 26681 | Orc:4    | Found a roughly hewn altar of Beogh.
 26700 | Orc:4    | Found a roughly hewn altar of Beogh.
 27070 | Orc:4    | Noticed Josephine
 27164 | Orc:4    | Killed Josephine
 27312 | Orc:4    | Found a roughly hewn altar of Beogh.
 27315 | Orc:4    | Found Tiddig's Assorted Antiques.
 27320 | Orc:4    | Bought a scroll of teleportation for 72 gold pieces
 27320 | Orc:4    | Bought a metal-bound book for 360 gold pieces
 27320 | Orc:4    | Bought a potion of heal wounds for 72 gold pieces
 27490 | Orc:4    | Found a roughly hewn altar of Beogh.
 27728 | Orc:3    | Noticed Sonja
 27760 | Orc:3    | Killed Sonja
 28026 | Orc:3    | Found a staircase to the Elven Halls.
 29186 | D:13     | Noticed a balrug
 29755 | Lair:4   | Found a staircase to the Swamp.
 29991 | Swamp:1  | Entered Level 1 of the Swamp
 30005 | Swamp:1  | Reached skill level 14 in Axes
 30070 | Swamp:1  | Noticed Nessos
 30292 | Lair:8   | Entered Level 8 of the Lair of Beasts
 30381 | Lair:8   | Found a staircase to the Slime Pits.
 32374 | D:13     | Noticed an orc warlord
 32430 | D:13     | Killed an orc warlord
 33549 | D:14     | Found a gate to the Vaults.
 33642 | D:14     | Reached skill level 10 in Dodging
 33642 | D:14     | Reached XP level 15. HP: 42/141 MP: 4/14
 34126 | D:15     | Entered Level 15 of the Dungeon
 34358 | D:15     | Got a steaming tin ring
 34360 | D:15     | Identified the ring of Yendor {-Cast Str-2 Dex-2 Int+2} (You found it on level 15 of the Dungeon)
 34889 | D:15     | Found a portal to a secret trove of treasure.
 35765 | D:15     | Noticed magipi's ghost (powerful MfIE)
 36026 | Lair:3   | HP: 7/141 [magipi's ghost (30)]
 36027 | Lair:3   | Slain by magipi's ghost

Action                   |  1- 3 |  4- 6 |  7- 9 | 10-12 | 13-15 || total
-------------------------+-------+-------+-------+-------+-------++-------
Melee: Dagger            |     5 |    75 |    63 |    14 |       ||   157
       Mace              |     2 |       |       |       |       ||     2
       War axe           |       |       |    26 |   643 |   676 ||  1345
       Staff             |       |       |       |    29 |       ||    29
       Hand axe          |       |       |       |       |   604 ||   604
 Fire: Blowgun           |       |       |       |    23 |       ||    23
 Cast: Sandblast         |    72 |    87 |   105 |     5 |       ||   269
       Stoneskin         |       |     1 |     1 |    12 |     9 ||    23
       Stone Arrow       |       |     4 |   120 |   263 |   300 ||   687
       Lee's Rapid Decon |       |       |       |     6 |    67 ||    73
Invok: Greater Servant o |       |       |       |       |    18 ||    18
       Lesser Servant of |       |       |       |       |    16 ||    16
 Abil: Device Recharging |       |     1 |     1 |     6 |    10 ||    18
       Stop Flying       |       |       |       |       |     1 ||     1
Evoke: Wand              |     1 |     4 |     7 |    36 |    66 ||   114
       Rod               |       |       |       |     1 |       ||     1
       Sack of spiders   |       |       |       |       |     1 ||     1
       Lamp of fire      |       |       |       |       |     1 ||     1
  Use: Scroll            |       |    10 |     4 |    21 |    21 ||    56
       Potion            |       |       |       |     1 |     5 ||     6
 Stab: Sleeping          |     2 |     3 |     3 |     4 |     2 ||    14
       Distracted        |       |       |       |     1 |     4 ||     5
       Paralysed         |       |       |       |       |    10 ||    10
  Eat: Chunk             |     3 |     8 |    14 |     8 |    22 ||    55
       Pizza             |       |       |     2 |       |     2 ||     4
       Beef jerky        |       |       |     2 |     3 |       ||     5
       Bread ration      |       |       |     2 |     1 |     2 ||     5
       Fruit             |       |       |       |    35 |    22 ||    57
       Royal jelly       |       |       |       |       |    13 ||    13

Action                   |  1- 3 |  4- 6 |  7- 9 | 10-12 | 13-15 || total
-------------------------+-------+-------+-------+-------+-------++-------
Melee: Dagger            |     5 |    75 |    63 |    14 |       ||   157
       Mace              |     2 |       |       |       |       ||     2
       War axe           |       |       |    26 |   643 |   676 ||  1345
       Staff             |       |       |       |    29 |       ||    29
       Hand axe          |       |       |       |       |   604 ||   604
 Fire: Blowgun           |       |       |       |    23 |       ||    23
 Cast: Sandblast         |    72 |    87 |   105 |     5 |       ||   269
       Stoneskin         |       |     1 |     1 |    12 |     9 ||    23
       Stone Arrow       |       |     4 |   120 |   263 |   300 ||   687
       Lee's Rapid Decon |       |       |       |     6 |    67 ||    73
Invok: Greater Servant o |       |       |       |       |    18 ||    18
       Lesser Servant of |       |       |       |       |    16 ||    16
 Abil: Device Recharging |       |     1 |     1 |     6 |    10 ||    18
       Stop Flying       |       |       |       |       |     1 ||     1
Evoke: Wand              |     1 |     4 |     7 |    36 |    66 ||   114
       Rod               |       |       |       |     1 |       ||     1
       Sack of spiders   |       |       |       |       |     1 ||     1
       Lamp of fire      |       |       |       |       |     1 ||     1
  Use: Scroll            |       |    10 |     4 |    21 |    21 ||    56
       Potion            |       |       |       |     1 |     5 ||     6
 Stab: Sleeping          |     2 |     3 |     3 |     4 |     2 ||    14
       Distracted        |       |       |       |     1 |     4 ||     5
       Paralysed         |       |       |       |       |    10 ||    10
  Eat: Chunk             |     3 |     8 |    14 |     8 |    22 ||    55
       Pizza             |       |       |     2 |       |     2 ||     4
       Beef jerky        |       |       |     2 |     3 |       ||     5
       Bread ration      |       |       |     2 |     1 |     2 ||     5
       Fruit             |       |       |       |    35 |    22 ||    57
       Royal jelly       |       |       |       |       |    13 ||    13
